| TOP OF THE 1ST |
|
West Michigan Whitecaps batting - Pitching for Clinton LumberKings : RHP Kevon Jamison
|
|
Pitching: RHP Kevon Jamison
|
|
|
Batting: LHB Jeff Trapp
|
0-0: Foul Ball, location: 2F 0-1: Ball 1-1: Ball 2-1: Foul Ball, location: 2F 2-2: Foul Ball, location: 2F 2-2: Ball 3-2: Base on Balls
|
|
Batting: RHB Jon Pierce
|
0-0: Ball 1-0: Swinging Strike 1-1: Ball 2-1: Called Strike 2-2: Ball 3-2: Foul Ball, location: 2F 3-2: Fly out, F9 (Flyball, 9S, EV 84.4 MPH)
|
|
Batting: SHB Andy Vivas
|
0-0: Called Strike 0-1: Called Strike 0-2: Strikes out swinging
|
|
Batting: RHB Bill Cabrera
|
0-0: Called Strike 0-1: Fly out, F9 (Line Drive, 9, EV 96.2 MPH)
|
| Top of the 1st over - 0 runs, 0 hits, 0 errors, 1 left on base; West Michigan 0 - Clinton 0 |
| BOTTOM OF THE 1ST |
|
Clinton LumberKings batting - Pitching for West Michigan Whitecaps : RHP Ricky Tercero
|
|
Pitching: RHP Ricky Tercero
|
|
|
Batting: RHB Rick Ellis
|
0-0: Called Strike 0-1: Foul Ball, location: 2F 0-2: Foul Ball, location: 2F 0-2: Ball 1-2: Ball 2-2: Foul Ball, location: 2F 2-2: DOUBLE (Line Drive, 3D, EV 106.2 MPH)
|
|
Batting: SHB Jose Castillo
|
0-0: Called Strike 0-1: Ball 1-1: Called Strike 1-2: Strikes out looking
|
|
Batting: LHB Jason Hopkins
|
0-0: Ball 1-0: Ball 2-0: Foul Ball, location: 2F 2-1: Ball 3-1: Swinging Strike 3-2: Ground out 4-3 (Groundball, 4S, EV 85.6 MPH) Rick Ellis to third
|
|
Batting: RHB Josh Ruhl
|
0-0: Swinging Strike 0-1: Called Strike 0-2: Ground out 6-3 (Groundball, 6, EV 88.1 MPH)
|
| Bottom of the 1st over - 0 runs, 1 hit, 0 errors, 1 left on base; West Michigan 0 - Clinton 0 |
| TOP OF THE 2ND |
|
West Michigan Whitecaps batting - Pitching for Clinton LumberKings : RHP Kevon Jamison
|
|
Batting: RHB Vince Chipman
|
0-0: Called Strike 0-1: Ball 1-1: Swinging Strike 1-2: Ground out 5-3 (Groundball, 5, EV 101.9 MPH)
|
|
Batting: RHB Jordan Hall
|
0-0: Called Strike 0-1: Swinging Strike 0-2: Strikes out swinging
|
|
Batting: RHB Sergio Valbuena
|
0-0: Ball 1-0: Swinging Strike 1-1: SINGLE (Line Drive, 9LS, EV 98.1 MPH)
|
|
Batting: RHB Rocky Hart
|
0-0: Ball 1-0: Ball 2-0: Swinging Strike 2-1: Called Strike 2-2: Fly out, F8 (Flyball, 8RS, EV 96.9 MPH)
|
| Top of the 2nd over - 0 runs, 1 hit, 0 errors, 1 left on base; West Michigan 0 - Clinton 0 |
| BOTTOM OF THE 2ND |
|
Clinton LumberKings batting - Pitching for West Michigan Whitecaps : RHP Ricky Tercero
|
|
Batting: LHB Jawad Fahad
|
0-0: Ball 1-0: SINGLE (Flyball, 56D, EV 95.0 MPH)
|
|
Batting: LHB William Warren
|
0-0: SINGLE (Groundball, 34S, EV 63.8 MPH) (infield hit) Jawad Fahad to second
|
|
Batting: RHB Josh O'Neal
|
0-0: Foul Ball, location: 2F 0-1: Foul Ball, location: 2F Balk! Jawad Fahad to third William Warren to second 0-2: Ball 1-2: Ball 2-2: SINGLE (Line Drive, 8RS, EV 93.1 MPH) Jawad Fahad scores William Warren to third
|
|
Batting: RHB Salvador Avina
|
0-0: Called Strike 0-1: Ball 1-1: Called Strike 1-2: Ball 2-2: Ball 3-2: Foul Ball, location: 2F 3-2: Foul Ball, location: 2F 3-2: Fly out, F3 (Popup, 3SF, EV 68.8 MPH)
|
|
Batting: LHB Brian Butler
|
0-0: Called Strike 0-1: Foul Ball, location: 2F 0-2: Ball 1-2: Fielders Choice at 2nd, 4-6 (Groundball, 4, EV 86.9 MPH) William Warren scores
|
|
Batting: RHB Rick Ellis
|
0-0: Ball 1-0: Called Strike 1-1: Ball Brian Butler is caught stealing 2nd base 2-4
|
| Bottom of the 2nd over - 2 runs, 3 hits, 0 errors, 0 left on base; West Michigan 0 - Clinton 2 |
| TOP OF THE 3RD |
|
West Michigan Whitecaps batting - Pitching for Clinton LumberKings : RHP Kevon Jamison
|
|
Batting: RHB Jamie Bass
|
0-0: Ball 1-0: Called Strike 1-1: Ball 2-1: Called Strike 2-2: Fly out, F7 (Flyball, 7, EV 83.1 MPH)
|
|
Batting: LHB Jeff Trapp
|
0-0: Ball 1-0: Called Strike 1-1: SINGLE (Groundball, 6D, EV 99.4 MPH)
|
|
Batting: RHB Jon Pierce
|
0-0: Ball Jeff Trapp steals 2nd base 1-0: Ball 2-0: Called Strike 2-1: Ball 3-1: Base on Balls
|
|
Batting: SHB Andy Vivas
|
0-0: Ball Jeff Trapp steals 3rd base (no throw) Jon Pierce to second 1-0: Ball 2-0: Called Strike 2-1: Ground out 4-3 (Groundball, 4M, EV 78.8 MPH) Jeff Trapp scores Jon Pierce to third
|
|
Batting: RHB Bill Cabrera
|
0-0: Called Strike 0-1: Hit by Pitch
|
|
Batting: RHB Vince Chipman
|
0-0: Foul Ball, location: 2F 0-1: Foul Ball, location: 2F 0-2: Ball 1-2: Strikes out looking
|
| Top of the 3rd over - 1 run, 1 hit, 0 errors, 2 left on base; West Michigan 1 - Clinton 2 |
| BOTTOM OF THE 3RD |
|
Clinton LumberKings batting - Pitching for West Michigan Whitecaps : RHP Ricky Tercero
|
|
Batting: RHB Rick Ellis
|
0-0: Ball 1-0: Ball 2-0: Called Strike 2-1: Ground out U3 (Groundball, 34, EV 102.5 MPH)
|
|
Batting: SHB Jose Castillo
|
0-0: Ball 1-0: Ball 2-0: Ball 3-0: Called Strike 3-1: Called Strike 3-2: SINGLE (Groundball, 56D, EV 98.1 MPH)
|
|
Batting: LHB Jason Hopkins
|
0-0: Called Strike 0-1: Ball 1-1: Swinging Strike 1-2: Strikes out swinging
|
|
Batting: RHB Josh Ruhl
|
0-0: Ball 1-0: Ball Jose Castillo steals 2nd base 2-0: Ground out U3 (Groundball, 3L, EV 89.4 MPH)
|
| Bottom of the 3rd over - 0 runs, 1 hit, 0 errors, 1 left on base; West Michigan 1 - Clinton 2 |
| TOP OF THE 4TH |
|
West Michigan Whitecaps batting - Pitching for Clinton LumberKings : RHP Kevon Jamison
|
|
Batting: RHB Jordan Hall
|
0-0: Ball 1-0: Ball 2-0: Called Strike 2-1: Called Strike 2-2: Ground out 6-3 (Groundball, 6, EV 106.2 MPH)
|
|
Batting: RHB Sergio Valbuena
|
0-0: Called Strike 0-1: Swinging Strike 0-2: Ball 1-2: Ball 2-2: Strikes out swinging
|
|
Batting: RHB Rocky Hart
|
0-0: Swinging Strike 0-1: Ball 1-1: Ball 2-1: Foul Ball, location: 2F 2-2: Foul Ball, location: 2F 2-2: Ball 3-2: Fly out, F6 (Line Drive, 6, EV 71.2 MPH)
|
| Top of the 4th over - 0 runs, 0 hits, 0 errors, 0 left on base; West Michigan 1 - Clinton 2 |
| BOTTOM OF THE 4TH |
|
Clinton LumberKings batting - Pitching for West Michigan Whitecaps : RHP Ricky Tercero
|
|
Batting: LHB Jawad Fahad
|
0-0: Swinging Strike 0-1: Swinging Strike 0-2: Ball 1-2: Strikes out swinging
|
|
Batting: LHB William Warren
|
0-0: Ball 1-0: Ball 2-0: Called Strike 2-1: Called Strike 2-2: Ground out 6-3 (Groundball, 6, EV 109.4 MPH)
|
|
Batting: RHB Josh O'Neal
|
0-0: Ball 1-0: Called Strike 1-1: Swinging Strike 1-2: Ball 2-2: Strikes out looking
|
| Bottom of the 4th over - 0 runs, 0 hits, 0 errors, 0 left on base; West Michigan 1 - Clinton 2 |
| TOP OF THE 5TH |
|
West Michigan Whitecaps batting - Pitching for Clinton LumberKings : RHP Kevon Jamison
|
|
Batting: RHB Jamie Bass
|
0-0: Ball 1-0: Ball 2-0: SINGLE (Groundball, 6MD, EV 93.8 MPH)
|
|
Batting: LHB Jeff Trapp
|
0-0: Fielders Choice at 2nd, 5-4 (Groundball, 56, EV 103.1 MPH)
|
|
Batting: RHB Jon Pierce
|
0-0: Swinging Strike 0-1: Foul Ball, location: 2F 0-2: Ball 1-2: Foul Ball, location: 2F 1-2: Strikes out swinging
|
|
Pitching: RHP Adam Fair
|
|
|
Batting: SHB Andy Vivas
|
0-0: Ball Jeff Trapp is caught stealing 2nd base 2-6
|
| Top of the 5th over - 0 runs, 1 hit, 0 errors, 0 left on base; West Michigan 1 - Clinton 2 |
| BOTTOM OF THE 5TH |
|
Clinton LumberKings batting - Pitching for West Michigan Whitecaps : RHP Ricky Tercero
|
|
Batting: RHB Salvador Avina
|
0-0: Ground out 5-3 (Groundball, 5L, EV 98.1 MPH)
|
|
Batting: LHB Brian Butler
|
0-0: Ground out U3 (Groundball, 3, EV 106.9 MPH)
|
|
Batting: RHB Rick Ellis
|
0-0: Ball 1-0: Swinging Strike 1-1: Ball 2-1: Swinging Strike 2-2: Foul Ball, location: 2F 2-2: Strikes out swinging
|
| Bottom of the 5th over - 0 runs, 0 hits, 0 errors, 0 left on base; West Michigan 1 - Clinton 2 |
| TOP OF THE 6TH |
|
West Michigan Whitecaps batting - Pitching for Clinton LumberKings : RHP Adam Fair
|
|
Batting: SHB Andy Vivas
|
0-0: Ball 1-0: Ball 2-0: Swinging Strike 2-1: Called Strike 2-2: Foul Ball, location: 2F 2-2: Ball 3-2: Ground out 6-3 (Groundball, 6, EV 81.2 MPH)
|
|
Batting: RHB Bill Cabrera
|
0-0: Ball 1-0: Swinging Strike 1-1: Fly out, F9 (Flyball, 9S, EV 81.9 MPH)
|
|
Batting: RHB Vince Chipman
|
0-0: Called Strike 0-1: Called Strike 0-2: Ball 1-2: Strikes out swinging
|
| Top of the 6th over - 0 runs, 0 hits, 0 errors, 0 left on base; West Michigan 1 - Clinton 2 |
| BOTTOM OF THE 6TH |
|
Clinton LumberKings batting - Pitching for West Michigan Whitecaps : RHP Ricky Tercero
|
|
Batting: SHB Jose Castillo
|
0-0: Called Strike 0-1: Called Strike 0-2: DOUBLE (Flyball, 89D, EV 113.1 MPH)
|
|
Batting: LHB Jason Hopkins
|
0-0: Foul Ball, location: 2F 0-1: Ball 1-1: Ball 2-1: Foul Ball, location: 2F 2-2: Ball 3-2: Base on Balls
|
|
Batting: RHB Josh Ruhl
|
0-0: Called Strike 0-1: Swinging Strike 0-2: Strikes out looking
|
|
Batting: LHB Jawad Fahad
|
0-0: Called Strike 0-1: Foul Ball, location: 2F 0-2: Ball 1-2: Ball 2-2: Fielders Choice at 2nd, 5-4 (Groundball, 56, EV 80.6 MPH) Jose Castillo to third
|
|
Pitching: RHP Jared Barger
|
|
|
Batting: LHB William Warren
|
0-0: Called Strike 0-1: Ground out 4-3 (Groundball, 4, EV 90.0 MPH)
|
| Bottom of the 6th over - 0 runs, 1 hit, 0 errors, 2 left on base; West Michigan 1 - Clinton 2 |
| TOP OF THE 7TH |
|
West Michigan Whitecaps batting - Pitching for Clinton LumberKings : RHP Adam Fair
|
|
Batting: RHB Jordan Hall
|
0-0: Ball 1-0: Swinging Strike 1-1: Ball 2-1: Called Strike 2-2: Strikes out swinging
|
|
Batting: RHB Sergio Valbuena
|
0-0: Called Strike 0-1: Fly out, F9 (Flyball, 9, EV 84.4 MPH)
|
|
Batting: RHB Rocky Hart
|
0-0: Ball 1-0: Ball 2-0: Ball 3-0: Called Strike 3-1: Swinging Strike 3-2: Foul Ball, location: 2F 3-2: Ground out 4-3 (Groundball, 4S, EV 87.5 MPH)
|
| Top of the 7th over - 0 runs, 0 hits, 0 errors, 0 left on base; West Michigan 1 - Clinton 2 |
| BOTTOM OF THE 7TH |
|
Clinton LumberKings batting - Pitching for West Michigan Whitecaps : RHP Jared Barger
|
|
Batting: RHB Josh O'Neal
|
0-0: Called Strike 0-1: Swinging Strike 0-2: Ball 1-2: Strikes out swinging
|
|
Batting: RHB Salvador Avina
|
0-0: Ball 1-0: Called Strike 1-1: Ball 2-1: Ball 3-1: Foul Ball, location: 2F 3-2: Fly out, F3 (Line Drive, 3, EV 66.9 MPH)
|
|
Batting: LHB Brian Butler
|
0-0: SINGLE (Groundball, 6S, EV 72.5 MPH) (infield hit)
|
|
Batting: RHB Rick Ellis
|
0-0: Foul Ball, location: 2F 0-1: Called Strike 0-2: Strikes out swinging
|
| Bottom of the 7th over - 0 runs, 1 hit, 0 errors, 1 left on base; West Michigan 1 - Clinton 2 |
| TOP OF THE 8TH |
|
West Michigan Whitecaps batting - Pitching for Clinton LumberKings : RHP Adam Fair
|
|
Pitching: LHP Rentaro Minami
|
|
|
Batting: RHB Jamie Bass
|
0-0: Ball 1-0: Ball 2-0: Foul Ball, location: 2F 2-1: Swinging Strike 2-2: Ground out 1-3 (Groundball, 13S, EV 69.4 MPH)
|
|
Batting: LHB Jeff Trapp
|
0-0: Foul Ball, location: 2F 0-1: Foul Ball, location: 2F 0-2: Ball 1-2: SINGLE (Groundball, 56, EV 100.6 MPH)
|
|
Batting: RHB Jon Pierce
|
0-0: Foul Ball, location: 2F 0-1: Ball 1-1: Fly out, F8 (Line Drive, 8LD, EV 86.2 MPH)
|
|
Batting: SHB Andy Vivas
|
0-0: Ball 1-0: Called Strike 1-1: Ball 2-1: Foul Ball, location: 2F 2-2: Ground out 6-3 (Groundball, 56S, EV 85.6 MPH)
|
| Top of the 8th over - 0 runs, 1 hit, 0 errors, 1 left on base; West Michigan 1 - Clinton 2 |
| BOTTOM OF THE 8TH |
|
Clinton LumberKings batting - Pitching for West Michigan Whitecaps : RHP Jared Barger
|
|
Pitching: RHP Vince Stocker
|
|
|
Batting: SHB Jose Castillo
|
0-0: Ball 1-0: Ball 2-0: Called Strike 2-1: SINGLE (Flyball, 4MD, EV 96.9 MPH)
|
|
Batting: LHB Jason Hopkins
|
0-0: Ball 1-0: Ball 2-0: Called Strike 2-1: DOUBLE (Flyball, 89D, EV 87.5 MPH) Jose Castillo to third
|
|
Batting: RHB Josh Ruhl
|
0-0: Ball 1-0: Foul Ball, location: 2F 1-1: Ball 2-1: Ball 3-1: SINGLE (Flyball, 4MD, EV 87.5 MPH) Jose Castillo scores Jason Hopkins to third
|
|
Batting: LHB Jawad Fahad
|
0-0: Ball 1-0: Hit by Pitch Josh Ruhl to second
|
|
Batting: LHB William Warren
|
0-0: Fly out, F7 (Line Drive, 7, EV 91.9 MPH)
|
|
Batting: RHB Josh O'Neal
|
0-0: Foul Ball, location: 2F 0-1: SINGLE (Groundball, 34, EV 96.9 MPH) Jason Hopkins scores Josh Ruhl to third Jawad Fahad to second Runner from 3rd tries for Home, SAFE, throw by RF to home
|
|
Batting: RHB Salvador Avina
|
0-0: Called Strike 0-1: Ball Jawad Fahad is caught stealing 3rd base 2-5 1-1: Fielders Choice at 2nd, 5-4 (Groundball, 56, EV 76.2 MPH)
|
| Bottom of the 8th over - 3 runs, 4 hits, 0 errors, 1 left on base; West Michigan 1 - Clinton 5 |
| TOP OF THE 9TH |
|
West Michigan Whitecaps batting - Pitching for Clinton LumberKings : LHP Rentaro Minami
|
|
Pitching: RHP David Lane
|
|
|
Batting: RHB Bill Cabrera
|
0-0: Ball 1-0: Called Strike 1-1: Foul Ball, location: 2F 1-2: Fly out, F4 (Popup, 34, EV 76.9 MPH)
|
|
Batting: RHB Vince Chipman
|
0-0: Ball 1-0: Swinging Strike 1-1: Ball 2-1: Swinging Strike 2-2: Foul Ball, location: 2F 2-2: Foul Ball, location: 2F 2-2: Strikes out swinging
|
|
Batting: RHB Jordan Hall
|
0-0: Called Strike 0-1: Called Strike 0-2: Ball 1-2: Ball 2-2: Strikes out looking
|
| Top of the 9th over - 0 runs, 0 hits, 0 errors, 0 left on base; West Michigan 1 - Clinton 5 |
|